 Dungeon Crawl Stone Soup version 0.29-a0-283-ga02f740833 (webtiles) character file.

Game seed: 9304491476211596695

2837 Dabor the Covered (level 9, 0/56 HPs)
             Began as a Gargoyle Fighter on Mar 13, 2022.
             Was an Elder of Okawaru.
             Slain by fly's ghost (2 damage)
             ... on level 7 of the Dungeon.
             The game lasted 00:11:01 (6672 turns).

Dabor the Covered (Gargoyle Fighter)                Turns: 6672, Time: 00:11:02

Health: 0/56       AC: 15    Str: 25    XL:     9   Next: 74%
Magic:  13/13      EV: 11    Int:  8    God:    Okawaru [****..]
Gold:   426        SH:  0    Dex: 12    Spells: 8/8 levels left

rFire   . . .      SeeInvis .   x - +6 spear "Sytinte" {venom, rElec Dex+3}
rCold   . . .      Faith    .   (no shield)
rNeg    + . .      Spirit   .   b - +0 scale mail
rPois   ∞          Reflect  .   (no helmet)
rElec   +          Harm     .   (no cloak)
rCorr   .          Rampage  .   (no gloves)
Will    .....                   s - +0 pair of boots
Stlth   ..........              (no amulet)
HPRegen 0.18/turn               e - +4 ring of slaying
MPRegen 0.13/turn               (no ring)

@: no status effects
A: sickness immunity, AC +6, negative energy resistance 1, electricity
resistance, torment resistance 1, petrification resistance
a: Renounce Religion, Heroism, Finesse


You were on level 7 of the Dungeon.
You worshipped Okawaru.
Okawaru was greatly pleased with you.
You visited 1 branch of the dungeon, and saw 7 of its levels.

You collected 426 gold pieces.

Inventory:

Hand Weapons
 a - a +0 flail
 p - a +2 dire flail of protection
 x - the +6 spear "Sytinte" (weapon) {venom, rElec Dex+3}
   (You found it on level 5 of the Dungeon)

   It poisons the flesh of those it strikes.
   Dex:       It affects your dexterity (+3).
   rElec:     It insulates you from electricity.
 A - a +3 whip
Armour
 b - a +0 scale mail (worn)
 c - a +0 buckler
 s - a +0 pair of boots (worn)
Jewellery
 e - a +4 ring of slaying (left hand)
 y - a +6 ring of strength
 C - the ring "Fibuoh" {+Blink Int+3 Dex+6}
   (You found it on level 7 of the Dungeon)

   [ring of dexterity]

   Int:       It affects your intelligence (+3).
   Dex:       It affects your dexterity (+6).
   +Blink:    It lets you blink.
Wands
 B - a wand of iceblast (7)
 D - a wand of paralysis (3)
Scrolls
 h - 4 scrolls of blinking
 i - a scroll of identify
 k - 2 scrolls of fear
 m - 2 scrolls of enchant armour
 n - 2 scrolls of amnesia
 q - a scroll of teleportation
 r - a scroll of silence
Potions
 d - 2 potions of might
 f - a potion of attraction {unknown}
 g - a potion of berserk rage {unknown}
 j - a potion of brilliance
 l - a potion of experience {unknown}
 o - a potion of mutation {unknown}
 t - 2 potions of flight {unknown}
 v - a potion of haste {unknown}
 w - 2 potions of curing {unknown}
 z - a potion of lignification {unknown}


   Skills:
 + Level 6.7 Fighting
 + Level 5.7 Maces & Flails
 + Level 6.9 Armour
 + Level 4.1 Dodging
 + Level 6.7 Shields
 + Level 5.4 Invocations


You had 8 spell levels left.
You didn't know any spells.
Your spell library contained the following spells:

 Spells                   Type           Power      Damage    Failure   Level
 Static Discharge         Conj/Air       0%         N/A       80%         2
 Dispel Undead            Necr           0%         3d6       100%        4
 Leda's Liquefaction      Hex/Erth       0%         N/A       100%        4
 Sticky Flame             Conj/Fire      0%         2d3       100%        4
 Blade Hands              Tmut           0%         N/A       100%        5
 Irradiate                Conj/Tmut      0%         3d13      100%        5
 Lee's Rapid Deconstruct  Erth           0%         3d5*      100%        5
 Dragon Form              Tmut           0%         N/A       100%        7
 Statue Form              Tmut/Erth      Unusable   N/A       N/A         6

Dungeon Overview and Level Annotations

Branches:
Dungeon (7/15)             Temple (0/1) D:4

Altars:
Okawaru

Shops:
D:2 [

Annotations:
D:7 fly's ghost, novice MiBe


Innate Abilities, Weirdness & Mutations

You are immune to sickness and miasma.
Your stone body is resilient. (AC +6)
You are immune to poison.
You resist negative energy. (rN+)
You are resistant to electric shocks. (rElec)
You are resistant to unholy torment.
You are immune to petrification.


Message History

Fly's ghost hits you! Fly's ghost burns you.
You closely miss fly's ghost.
Fly's ghost is severely damaged.
Fly's ghost hits you but does no damage.
You barely miss fly's ghost.
Fly's ghost is severely damaged.
Fly's ghost hits you!
* * * LOW HITPOINT WARNING * * *
Fly's ghost burns you.
* * * LOW HITPOINT WARNING * * *
You hit fly's ghost.
Fly's ghost is severely damaged.
Fly's ghost screams, "Don't try to defend!
You have no chance!"
Fly's ghost misses you.
You feel much better. Fly's ghost hits you. Fly's ghost burns you.
You hit fly's ghost but do no damage.
Fly's ghost is severely damaged.
Fly's ghost hits you but does no damage.
You closely miss fly's ghost.
Fly's ghost is severely damaged.
Fly's ghost hits you but does no damage.
You puncture fly's ghost!
Fly's ghost is almost destroyed.
Fly's ghost closely misses you.
You puncture fly's ghost!
Fly's ghost is almost destroyed.
Fly's ghost hits you but does no damage. x2
You miss fly's ghost.
Fly's ghost is almost destroyed.
Fly's ghost whispers, "It is all a dream - a grotesque and foolish dream."
Fly's ghost hits you!
* * * LOW HITPOINT WARNING * * *
Fly's ghost burns you.
* * * LOW HITPOINT WARNING * * *
You completely miss fly's ghost.
Fly's ghost is almost destroyed.
Fly's ghost hits you!
* * * LOW HITPOINT WARNING * * *
Fly's ghost burns you.
You die...

#######........#.#.#..#...#
#.....####.#.#..#...# #...#.#
#.#......... #...#...
..###..###.# #...#####
####....).# . #...#
###....)..### .... #...#
.......)#.#..
.....####...#######.......#..
...........(@#.♣#....#....#..
.........(...W(8#............
.>...........#[♣#....#....#..
..#######...######........#..
. #...# .........##.. #...#
#.......#### #...#
#..))....## #...#
#.........##
####...####.##..........


You could see fly's ghost.

Vanquished Creatures
  The ghost of anet the Skirmisher, a novice MiBe of Trog (D:6)
  Pikel (D:6)
  Eustachio (D:5)
  A steam dragon (D:6)
  A sky beast (D:7)
  2 ice beasts
  2 ogres
  2 lemures (D:6)
  A centaur (D:6)
  2 bullfrogs (D:6)
  3 scorpions
  A necrophage (D:4)
  4 wights (D:7)
  4 hounds
  2 jellies (D:5)
  An orc priest (D:4)
  2 iguanas (D:5)
  3 orc wizards
  3 gnolls (D:5)
  8 adders
  An ufetubus (D:5)
  3 worms
  4 dart slugs
  11 orcs
  11 ball pythons
  7 bats
  10 endoplasms
  3 giant cockroaches
  7 goblins
  6 hobgoblins
  4 jackals (D:1)
  8 kobolds
  3 quokkas
  A frilled lizard (D:1)
  5 rats
129 creatures vanquished.

Notes
Turn   | Place    | Note
-------+----------+-------------------------------------------
     0 | D:1      | Dabor the Gargoyle Fighter began the quest for the Orb.
     0 | D:1      | Reached XP level 1. HP: 14/14 MP: 1/1
   184 | D:1      | Reached XP level 2. HP: 19/19 MP: 2/2
   640 | D:1      | Reached XP level 3. HP: 20/23 MP: 3/3
   893 | D:1      | Found a faded altar of an unknown god.
   958 | D:1      | Prayed at the altar of an unknown god.
   958 | D:1      | Became a worshipper of Warmaster Okawaru
   958 | D:1      | Reached * piety under Okawaru
   990 | D:2      | Found Waelu's Antique Armour Shop.
  1237 | D:2      | Reached XP level 4. HP: 29/29 MP: 4/4
  1606 | D:3      | Reached skill level 1 in Invocations
  2160 | D:3      | Reached XP level 5. HP: 33/33 MP: 5/5
  2294 | D:4      | Found a staircase to the Ecumenical Temple.
  2300 | D:4      | Reached skill level 1 in Dodging
  2849 | D:4      | Reached XP level 6. HP: 38/38 MP: 7/7
  2912 | D:4      | Reached ** piety under Okawaru
  3518 | D:5      | Entered Level 5 of the Dungeon
  3558 | D:5      | Identified the +6 spear "Sytinte" {venom, rElec Dex+3}
  3931 | D:5      | Reached XP level 7. HP: 39/44 MP: 8/8
  4294 | D:5      | Noticed Eustachio
  4300 | D:5      | Reached skill level 5 in Armour
  4314 | D:5      | Killed Eustachio
  4314 | D:5      | Reached *** piety under Okawaru
  4315 | D:5      | Reached skill level 5 in Fighting
  4315 | D:5      | Reached skill level 5 in Shields
  4691 | D:5      | Reached XP level 8. HP: 33/49 MP: 10/10
  5458 | D:6      | Found a runed translucent door.
  5610 | D:6      | Noticed anet's ghost (novice MiBe)
  5642 | D:6      | Killed anet's ghost
  5642 | D:6      | Reached **** piety under Okawaru
  5643 | D:6      | Reached skill level 5 in Maces & Flails
  5643 | D:6      | Reached XP level 9. HP: 24/55 MP: 12/12
  5824 | D:7      | Noticed Pikel
  5845 | D:6      | Killed Pikel
  5846 | D:6      | Reached skill level 5 in Invocations
  6556 | D:7      | Identified the ring "Fibuoh" {+Blink Int+3 Dex+6}
  6639 | D:7      | Found a runed translucent door.
  6641 | D:7      | Noticed fly's ghost (novice MiBe)
  6672 | D:7      | HP: 2/56 [fly's ghost (10)]
  6672 | D:7      | Slain by fly's ghost

Illustrated notes

Levels and vault maps discovered:
D:1:      lightli_arrival_boilingwater, layout_basic,
          hellmonk_ecumenical_altar_dog_temple, nrook_mini_vaults,
          minmay_misc_feat_more_columns
D:2:      layout_basic, serial_shops, shop_statue, nrook_loot_triangle
D:3:      layout_loops_cross, minmay_misc_feat_chi
D:4:      layout_cave_pods, minmay_temple_entry_proselytizer
D:5:      layout_basic, uniq_eustachio
D:6:      layout_cave_pools, ebering_ghost_sewer_d, hangedman_decor_growths
D:7:      layout_loops_cross, gammafunk_ghost_grave, uniq_pikel

Skill      XL: |  1  2  3  4  5  6  7  8  9 |
---------------+----------------------------+-----
Invocations    | 1 2 3 4 5 |  5.4
Fighting       | 4 5 6 |  6.7
Armour         | 4 5 6 |  6.9
Shields        | 4 5 6 |  6.7
Dodging        | 1 2 3 4 |  4.1
Maces & Flails | 3 4 5 |  5.7

Action                   |  1- 3 |  4- 6 |  7- 9 || total
-------------------------+-------+-------+-------++-------
Melee: Flail             |    95 |    14 |       ||   109
       Dire flail        |       |   100 |       ||   100
       Spear             |       |     5 |   193 ||   198
       Punch             |       |       |     4 ||     4
Invok: Heroism           |       |       |     1 ||     1
  Use: Scroll            |       |     6 |       ||     6
       Potion            |       |       |     3 ||     3
Armor: Scale mail        |    67 |    58 |   106 ||   231
Dodge: Dodged            |    41 |    67 |    81 ||   189
Block: Buckler           |    18 |     1 |       ||    19

Table legend: (Time is in decaauts)
 A = Elapsed time spent in this place.
 B = Non-inter-level travel time spent in this place.
 C = Inter-level travel time spent in this place.
 D = Time resting spent in this place.
 E = Time spent auto-exploring this place.
 F = Levels seen in this place.
 G = Mean time per level.
                   A        B        C        D        E       F      G
               +--------+--------+--------+--------+--------+-----+--------+
         Total |   6744 |   6491 |    253 |   1136 |   4249 |   7 |  963.4 |
       Dungeon |   6744 |   6491 |    253 |   1136 |   4249 |   7 |  963.4 |
               +--------+--------+--------+--------+--------+-----+--------+

Top non-repeatable levels by time:
     D:5: 1361 daAuts
     D:6: 1335 daAuts
     D:4: 1292 daAuts
     D:1: 1014 daAuts
     D:3: 652 daAuts
     D:2: 612 daAuts
     D:7: 475 daAuts
